 Dungeon Crawl Stone Soup version 0.29.1-15-g9cfb28693d (webtiles) character file.

Game seed: 13313645469368528820

8662 croobank the Caller (level 10, -1/81 HPs)
             Began as a Demigod Summoner on Mar 6, 2023.
             Slain by a komodo dragon (17 damage)
             ... on level 1 of the Lair of Beasts.
             The game lasted 00:34:58 (8935 turns).

croobank the Caller (Demigod Summoner)              Turns: 8935, Time: 00:34:59

Health: -1/81      AC: 13    Str:  9    XL:     10   Next: 89%
Magic:  16/21      EV: 16    Int: 29    God:
Gold:   1656       SH:  0    Dex: 20    Spells: 6/19 levels left

rFire   . . .      SeeInvis .   a - +2 dagger (speed)
rCold   . . .      Faith    .   (no shield)
rNeg    . . .      Spirit   .   F - +0 steam dragon scales
rPois   .          Reflect  .   (helmet restricted)
rElec   .          Harm     .   w - +2 cloak
rCorr   .          Rampage  .   d - +2 pair of gloves
Will    +....                   j - +0 pair of boots
Stlth   ++++......              v - amulet of magic regeneration
HPRegen 0.23/turn               E - +6 ring of dexterity
MPRegen 0.57/turn               (no ring)

@: no status effects
A: high MP 1, forlorn, divine attributes, claws 1, horns 1, talons 1
a: no special abilities


You were on level 1 of the Lair of Beasts.
You visited 2 branches of the dungeon, and saw 9 of its levels.
You also visited: Sewer.

You collected 1656 gold pieces.

Inventory:

Hand Weapons
 a - a +2 dagger of speed (weapon)
 b - a +1 triple crossbow
 s - a +0 war axe
 x - a +0 quarterstaff
 B - a +1 dagger of draining
Missiles
 n - 20 poisoned darts
 u - 9 atropa-tipped darts
 D - 2 throwing nets
Armour
 d - a +2 pair of gloves (worn)
 j - a +0 pair of boots (worn)
 w - a +2 cloak (worn)
 C - a +0 hat
 F - +0 steam dragon scales (worn)
Jewellery
 f - an amulet of regeneration
 v - an amulet of magic regeneration (around neck)
 E - a +6 ring of dexterity (left hand)
Wands
 p - a wand of paralysis (7)
 G - a wand of iceblast (4)
 I - a wand of polymorph (9)
Scrolls
 g - a scroll of vulnerability
 h - 3 scrolls of teleportation
 m - 2 scrolls of noise
 o - 6 scrolls of fear
 r - a scroll of enchant armour {unknown}
 t - a scroll of fog
 y - a scroll of amnesia
Potions
 c - a potion of magic
 e - a potion of attraction
 i - a potion of lignification
 k - 3 potions of might
 l - a potion of invisibility
 q - a potion of haste
 z - 5 potions of flight
 A - 2 potions of curing
 H - a potion of berserk rage {unknown}


   Skills:
 + Level 5.3 Fighting
 + Level 5.3 Ranged Weapons
 + Level 3.2 Armour
 + Level 5.8 Dodging
 + Level 6.2 Stealth
 + Level 5.3 Spellcasting
 + Level 4.7 Hexes
 + Level 6.6 Summonings
 * Level 5.5 Air Magic


You had 6 spell levels left.
You knew the following spells:

 Your Spells              Type           Power      Damage    Failure   Level
a - Summon Small Mammal   Summ           100%       N/A       1%          1
b - Call Imp              Summ           46%        N/A       1%          2
c - Call Canine Familiar  Summ           46%        N/A       1%          3
d - Summon Guardian Gole  Hex/Summ       40%        N/A       1%          3
e - Summon Lightning Spi  Summ/Air       43%        N/A       4%          4

Your spell library contained the following spells:

 Spells                   Type           Power      Damage    Failure   Level
 Apportation              Tloc           14%        N/A       6%          1
 Necrotise                Necr           28%        1d5       6%          1


Dungeon Overview and Level Annotations

Branches:
Dungeon (8/15)             Temple (0/1) D:6            Lair (1/5) D:8
  Sewer (visited)

Annotations:
D:3 exclusion: oklob plant


Innate Abilities, Weirdness & Mutations

You have an increased reservoir of magic. (+10% MP)
You shall have no god before yourself.
Your divine heritage dramatically boosts your attributes as you level up.
You have sharp fingernails.
You have a pair of small horns on your head.
You have sharp toenails.


Message History

Flame seeps out of your guardian golem.
The komodo dragon attacks as you move away!
The komodo dragon bites you!
* * * LOW HITPOINT WARNING * * *
The basilisk bites your guardian golem but does no damage.
Your guardian golem is engulfed in blazing flames.
Flame seeps out of your guardian golem.
Aiming: Iceblast
Press: ? - help, Shift-Dir - straight line, f/p - komodo dragon
Aim: a komodo dragon (almost dead)
Okay, then.
Aiming: Paralyse
Press: ? - help, Shift-Dir - straight line, f/p - komodo dragon
Aim: a komodo dragon (almost dead, chance to affect: 31%)
Okay, then.
Your hands tingle!
a - a +2 dagger of speed (weapon)
You barely miss the komodo dragon.
The komodo dragon is almost dead.
The basilisk bites your guardian golem. Flame seeps out of your guardian golem.
The komodo dragon closely misses you.
Your guardian golem is engulfed in blazing flames.
Your guardian golem disappears in a puff of smoke!
Your guardian golem explodes!
The fiery explosion engulfs the basilisk!!
You hear a bellow! x2; You hear a croak.
You hear a trumpeting!
You hear a bellow! x2; You hear an angry hiss.
You hear a trumpeting!
Casting: Summon Small Mammal (safe; 1% risk of failure)
Confirm with . or Enter, or press ? or * to list all spells.
A guardian golem appears, shielding your allies.
The basilisk is engulfed in blazing flames.
The basilisk dies!
The komodo dragon completely misses you.
Casting: Summon Guardian Golem (safe; 1% risk of failure)
Confirm with . or Enter, or press ? or * to list all spells.
The komodo dragon misses you.
Your guardian golem is engulfed in blazing flames.
The komodo dragon attacks as you move away!
The komodo dragon bites you!
You die...

................$.P.
......................
.....................#
.....................##
......................#
...........#.........#
#####....P..##..........
...8.##†...†§§9.........
#.....#.....§°§l@.......
...>.8......§§§...h..#..
#.....#..#..........##
#..8.##..#....##...##
######$.....#####..#
.....#..#########
.........#......##
......#...P.......# ..
.......#......(....##
###..


You could see a komodo dragon (ally target), a friendly guardian golem
(summoned) and a friendly wolf (summoned, sheltered).

Vanquished Creatures
  Psyche (D:8)
  Grinder (D:4)
  A wyvern (D:7)
  An ice beast (D:6)
  A sky beast (D:6)
  2 black bears
  An ogre (D:5)
  3 kobold brigands
  2 bullfrogs
  3 scorpions
  A howler monkey (D:6)
  3 orc priests
  A gnoll bouda (D:7)
  A jelly (D:7)
  3 hounds
  5 iguanas
  3 orc wizards
  3 gnolls
  2 adders (D:2)
  A white imp (D:7)
  An ufetubus (D:5)
  3 worms
  2 dart slugs
  11 orcs
  6 endoplasms
  A giant cockroach (D:4)
  6 goblins
  5 hobgoblins
  7 jackals
  10 kobolds
  A quokka (D:2)
  2 ball pythons
  7 bats
  13 rats
114 creatures vanquished.

Vanquished Creatures (collateral kills)
  Gastronok (D:8)
  Joseph (D:8)
  A polar bear (Lair:1)
  A troll (D:8)
  A yak (D:8)
  Grum (D:8)
  A water moccasin (Lair:1)
  An ice beast (D:6)
  2 sky beasts (D:7)
  An ogre (D:5)
  A wolf (D:8)
  A phantom (D:7)
  2 bullfrogs
  2 scorpions (D:4)
  3 necrophages
  4 electric eels (D:8)
  A gnoll bouda (D:7)
  3 hounds
  2 orc priests (D:5)
  4 orc wizards
  2 adders (D:6)
  7 gnolls
  A river rat (Sewer)
  2 shadow imps (D:5)
  A dart slug (D:2)
  8 orcs
  3 endoplasms
  2 giant cockroaches (D:5)
  3 goblins
  2 hobgoblins
  3 jackals
  2 quokkas (D:5)
  A ball python (D:3)
  4 kobolds
  2 rats
  A butterfly (Lair:1)
78 creatures vanquished.

Vanquished Creatures (others)
  Maggie (D:7)
  A komodo dragon (Lair:1)
  10 yaks
  A basilisk (Lair:1)
  A water moccasin (Lair:1)
  An ogre (D:6)
  5 wolves (D:8)
  A centaur (D:8)
  An orc priest (D:6)
  A hound (D:8)
  A gnoll (D:6)
  2 orcs
  2 fungi (Lair:1)
  6 plants (Lair:1)
34 creatures vanquished.

Grand Total: 226 creatures vanquished

Notes
Turn   | Place    | Note
-------+----------+-------------------------------------------
     0 | D:1      | croobank the Demigod Summoner began the quest for the Orb.
     0 | D:1      | Reached XP level 1. HP: 14/14 MP: 5/5
   144 | D:1      | Reached XP level 2. HP: 20/20 MP: 2/7
   148 | D:1      | Learned a level 2 spell: Call Imp
   969 | D:2      | Reached XP level 3. HP: 27/27 MP: 8/8
   973 | D:2      | Learned a level 3 spell: Call Canine Familiar
  1101 | D:2      | Identified the +1 leather armour of Good Intentions {Int+5
                  | Slay-4 SInv}
  1350 | D:2      | Reached skill level 1 in Ranged Weapons
  1355 | D:2      | Reached skill level 1 in Fighting
  1917 | D:3      | Reached XP level 4. HP: 35/35 MP: 2/10
  2281 | D:3      | Noticed an oklob plant
  2616 | D:4      | Reached XP level 5. HP: 40/40 MP: 11/11
  2747 | D:4      | Learned a level 3 spell: Summon Guardian Golem
  2784 | D:4      | Reached XP level 6. HP: 40/48 MP: 5/13
  2958 | D:4      | Noticed Grinder
  2961 | D:4      | Paralysed by Grinder for 3 turns
  2966 | D:4      | Killed Grinder
  2967 | D:4      | Reached skill level 1 in Hexes
  3220 | D:4      | Reached XP level 7. HP: 42/56 MP: 4/14
  3559 | D:4      | Identified a scroll of acquirement
  3559 | D:4      | Acquired 1073 gold pieces
  3702 | D:5      | Entered Level 5 of the Dungeon
  3806 | D:5      | Found a glowing drain.
  3810 | Sewer    | Entered a sewer
  4670 | D:5      | Reached skill level 5 in Summonings
  4670 | D:5      | Reached XP level 8. HP: 47/63 MP: 9/16
  5425 | D:6      | Learned a level 4 spell: Summon Lightning Spire
  5622 | D:6      | Reached skill level 1 in Air Magic
  6025 | D:6      | Found a staircase to the Ecumenical Temple.
  6656 | D:6      | Reached XP level 9. HP: 71/71 MP: 18/18
  6789 | D:7      | Noticed Maggie
  6799 | D:7      | Killed Maggie
  6800 | D:7      | Reached skill level 5 in Stealth
  6956 | D:7      | Reached skill level 1 in Armour
  7405 | D:7      | Reached skill level 5 in Dodging
  7909 | D:8      | Noticed Joseph
  7915 | D:8      | Noticed Psyche
  7930 | D:8      | Gained mutation: You have a pair of small horns on your
                  | head. [potion of mutation]
  7930 | D:8      | Gained mutation: You have sharp toenails. [potion of
                  | mutation]
  7930 | D:8      | Gained mutation: You have sharp fingernails. [potion of
                  | mutation]
  7943 | D:8      | Killed Psyche
  7944 | D:8      | Reached XP level 10. HP: 52/80 MP: 20/20
  7978 | D:8      | Killed Joseph
  8222 | D:8      | Found a staircase to the Lair.
  8355 | D:8      | Noticed Grum
  8368 | D:8      | Killed Grum
  8370 | D:8      | Noticed Gastronok
  8384 | D:8      | Killed Gastronok
  8385 | D:8      | Reached skill level 5 in Fighting
  8385 | D:8      | Reached skill level 5 in Ranged Weapons
  8385 | D:8      | Reached skill level 5 in Spellcasting
  8385 | D:8      | Reached skill level 5 in Air Magic
  8844 | Lair:1   | Entered Level 1 of the Lair of Beasts
  8844 | Lair:1   | Noticed an elephant
  8844 | Lair:1   | Noticed an elephant
  8844 | Lair:1   | Noticed an elephant
  8935 | Lair:1   | Slain by a komodo dragon

Illustrated notes

Levels and vault maps discovered:
D:1:      ebering_trefoil_twist, layout_loops_ring,
          ebering_dispersal_statue_hall, minmay_three_crescents
D:2:      kb_forest_paths, layout_basic, hellmonk_ecumenical_altar_heavens_door
D:3:      layout_basic, tgw_fedhas
D:4:      layout_loops_cross, marbit_many_paths, serial_glass, glass_columns_a,
          glass_columns_a, glass_columns_a, glass_columns_b, glass_columns_b,
          uniq_grinder
D:5:      layout_cave_pools, gup_sewer_entry_bowl
D:6:      layout_basic, lemuel_coloured_pillars_altar, kennysheep_mini,
          mainiacjoe_overflow_boulevard, minmay_temple_entry_proselytizer
D:7:      layout_cave_pools, uniq_maggie
D:8:      layout_basic, nicolae_overflow_two_pavilions, erik_lair_island,
          uniq_joseph, uniq_psyche, uniq_gastronok, uniq_grum
Lair:1:   layout_gridlike, basic_altar, chequers_serial_rivers_micro_a,
          lemuel_fruit_fields, lemuel_fruit_tree, grunt_megastairs_1,
          lemuel_fruit_fields, uniq_sonja

Skill      XL: |  1  2  3  4  5  6  7  8  9 10 |
---------------+-------------------------------+-----
Stealth        | 2 3 4 5 6 |  6.2
Dodging        | 2 3 4 5 |  5.8
Spellcasting   | 2 3 4 5 |  5.3
Ranged Weapons | 1 2 3 4 5 |  5.3
Fighting       | 1 2 3 4 5 |  5.3
Summonings     | 4 5 6 |  6.6
Hexes          | 1 2 3 4 |  4.7
Air Magic      | 2 4 5 |  5.5
Armour         | 2 3 |  3.2

Action                   |  1- 3 |  4- 6 |  7- 9 | 10-12 || total
-------------------------+-------+-------+-------+-------++-------
Melee: Dagger            |       |       |    11 |    12 ||    23
       Unarmed           |       |       |     6 |       ||     6
       Headbutt          |       |       |       |     4 ||     4
 Fire: Triple crossbow   |    66 |    44 |   146 |    24 ||   280
 Cast: Summon Small Mamm |    19 |    12 |    30 |     7 ||    68
       Call Imp          |     9 |     5 |    15 |     5 ||    34
       Call Canine Famil |     4 |     6 |    27 |    12 ||    49
       Summon Guardian G |       |       |    21 |    13 ||    34
       Summon Lightning  |       |       |     3 |     7 ||    10
Evoke: Wand              |       |       |     3 |     3 ||     6
  Use: Scroll            |       |     6 |     9 |     1 ||    16
       Potion            |       |       |     7 |       ||     7
 Stab: Invisible         |       |       |       |     1 ||     1
Armor: Robe              |    17 |     6 |    28 |       ||    51
       Steam dragon scal |       |       |     7 |    12 ||    19
       Skin              |       |       |     5 |       ||     5
Dodge: Dodged            |    28 |    12 |    81 |    38 ||   159
